PCL
MEXICO CITY CERVECEROS @ LAS VEGAS STARS
07/20/2024
 
TOP OF THE 1ST
Mexico City Cerveceros batting - Pitching for Las Vegas Stars : RHP Ramón Pérez
Pitching: RHP Ramón Pérez
Batting: RHB Henning Huisman 0-0: Called Strike
0-1: Ground out 1-3 (Groundball, 25)
Batting: RHB Reynold Akker 0-0: Called Strike
0-1: Foul Ball, location: 2F
0-2: Foul Ball, location: 2F
0-2: SINGLE (Line Drive, 78M)
Batting: LHB Luka Lagerweij 0-0: Called Strike
0-1: Ball
1-1: SINGLE (Groundball, 34D)
Reynold Akker to second
Runner from 2nd tries for 3rd, SAFE, throw made to third
Batting: LHB Brandon Cummings 0-0: Called Strike
0-1: Fly out, F8 (Popup, 4D)
Batting: RHB Iván Gonzáles 0-0: Swinging Strike
0-1: Called Strike
0-2: Strikes out looking
Top of the 1st over - 0 run(s), 2 hit(s), 0 error(s), 2 left on base; Mexico City 0 - Las Vegas 0
BOTTOM OF THE 1ST
Las Vegas Stars batting - Pitching for Mexico City Cerveceros : RHP José Jiménez
Pitching: RHP José Jiménez
Batting: RHB Joe Scott 0-0: Ball
1-0: Called Strike
1-1: Foul Ball, location: 2F
1-2: Ball
2-2: Foul Ball, location: 2F
2-2: Ball
3-2: Ground out 6-3 (Groundball, 6M)
Batting: RHB Xin Zhang 0-0: Ball
1-0: Ball
2-0: Ball
3-0: Called Strike
3-1: Base on Balls
Batting: LHB Eliot Helen 0-0: Swinging Strike
0-1: Foul Ball, location: 2F
0-2: Ball
1-2: Ball
2-2: Strikes out swinging
Batting: RHB Mike Mills 0-0: Fly out, F6 (Line Drive, 6)
Bottom of the 1st over - 0 run(s), 0 hit(s), 0 error(s), 1 left on base; Mexico City 0 - Las Vegas 0
TOP OF THE 2ND
Mexico City Cerveceros batting - Pitching for Las Vegas Stars : RHP Ramón Pérez
Batting: RHB Robert Johnson 0-0: Ball
1-0: Fly out, F4 (Popup, 3D)
Batting: LHB Kevin Beasley 0-0: Called Strike
0-1: Ball
1-1: Fly out, F7 (Flyball, 8LD)
Batting: RHB Arthur Dumais 0-0: Called Strike
0-1: Ground out 6-3 (Groundball, 6M)
Top of the 2nd over - 0 run(s), 0 hit(s), 0 error(s), 0 left on base; Mexico City 0 - Las Vegas 0
BOTTOM OF THE 2ND
Las Vegas Stars batting - Pitching for Mexico City Cerveceros : RHP José Jiménez
Batting: LHB Fernando De La Cruz 0-0: Ball
1-0: SINGLE (Groundball, 4MD)
Batting: RHB Matthieu Vancini 0-0: Called Strike
0-1: Ball
1-1: Fielders Choice at 2nd, 2-6 (Groundball, 2L)
Batting: SHB Sloan James 0-0: Ball
1-0: Ball
2-0: Foul Ball, location: 2F
2-1: Called Strike
2-2: Ball
3-2: Foul Ball, location: 2F
3-2: Strikes out swinging
Batting: RHB José Zúñiga 0-0: Ball
1-0: Ball
2-0: Swinging Strike
2-1: Foul Ball, location: 2F
2-2: Ball
3-2: Ground out U3 (Groundball, 3S)
Bottom of the 2nd over - 0 run(s), 1 hit(s), 0 error(s), 1 left on base; Mexico City 0 - Las Vegas 0
TOP OF THE 3RD
Mexico City Cerveceros batting - Pitching for Las Vegas Stars : RHP Ramón Pérez
Batting: RHB Naomi Kitamura 0-0: Called Strike
0-1: Fly out, F7 (Flyball, 7D)
Batting: RHB Henning Huisman 0-0: Swinging Strike
0-1: Ball
1-1: Foul Ball, location: 2F
1-2: Strikes out looking
Batting: RHB Reynold Akker 0-0: Ball
1-0: Ball
2-0: Ball
3-0: Called Strike
3-1: Called Strike
3-2: Foul Ball, location: 2F
3-2: Strikes out swinging wild pitch, reaches first!
Batting: LHB Luka Lagerweij 0-0: Called Strike
0-1: Ball
1-1: Foul Ball, location: 2F
1-2: Ground out 4-3 (Groundball, 34)
Top of the 3rd over - 0 run(s), 0 hit(s), 0 error(s), 1 left on base; Mexico City 0 - Las Vegas 0
BOTTOM OF THE 3RD
Las Vegas Stars batting - Pitching for Mexico City Cerveceros : RHP José Jiménez
Batting: LHB Evan Slootweg 0-0: Ball
1-0: Called Strike
1-1: Ball
2-1: Foul Ball, location: 2F
2-2: Ball
3-2: Strikes out swinging
Batting: RHB Joe Scott 0-0: Swinging Strike
0-1: Ball
1-1: Foul Ball, location: 2F
1-2: Strikes out looking
Batting: RHB Xin Zhang 0-0: Called Strike
0-1: SINGLE (Line Drive, 7LS)
Batting: LHB Eliot Helen 0-0: Ball
1-0: Foul Ball, location: 2F
1-1: Ball
2-1: Foul Ball, location: 2F
2-2: Foul Ball, location: 2F
2-2: Ball
3-2: Fly out, F3 (Popup, 3F)
Bottom of the 3rd over - 0 run(s), 1 hit(s), 0 error(s), 1 left on base; Mexico City 0 - Las Vegas 0
TOP OF THE 4TH
Mexico City Cerveceros batting - Pitching for Las Vegas Stars : RHP Ramón Pérez
Batting: LHB Brandon Cummings 0-0: Called Strike
0-1: Ball
1-1: Swinging Strike
1-2: Ball
2-2: Foul Ball, location: 2F
2-2: Foul Ball, location: 2F
2-2: Ball
3-2: Base on Balls
Batting: RHB Iván Gonzáles 0-0: Ball
1-0: Fly out, F4 (Line Drive, 4MD)
1-0: Fly out, F4 (Line Drive, 4MD)
Batting: RHB Robert Johnson 0-0: Foul Ball, location: 2F
0-1: Ball
1-1: Foul Ball, location: 2F
1-2: Ball
2-2: Fly out, F6 (Popup, 6)
Batting: LHB Kevin Beasley 0-0: Ball
1-0: Ball
2-0: Called Strike
2-1: Ball
3-1: SINGLE (Groundball, 56)
Brandon Cummings to second
Batting: RHB Arthur Dumais 0-0: Called Strike
0-1: Fly out, F3 (Popup, 3F)
Top of the 4th over - 0 run(s), 1 hit(s), 0 error(s), 2 left on base; Mexico City 0 - Las Vegas 0
BOTTOM OF THE 4TH
Las Vegas Stars batting - Pitching for Mexico City Cerveceros : RHP José Jiménez
Batting: RHB Mike Mills 0-0: Ball
1-0: Called Strike
1-1: Ball
2-1: Foul Ball, location: 2F
2-2: Ball
3-2: SINGLE (Flyball, 8RS)
Batting: LHB Fernando De La Cruz 0-0: Ball
1-0: Called Strike
1-1: Ball
2-1: Ball
3-1: Foul Ball, location: 2F
3-2: Base on Balls
Mike Mills to second
Batting: RHB Matthieu Vancini 0-0: Called Strike
0-1: Foul Ball, location: 2F
0-2: Grounds into double play, 1-6-3 (Groundball, 13)
Mike Mills to third
Batting: SHB Sloan James 0-0: SINGLE (Line Drive, 8RS)
Mike Mills scores
Batting: RHB José Zúñiga 0-0: Called Strike
0-1: Called Strike
0-2: Fly out, F4 (Popup, 3DF)
Bottom of the 4th over - 1 run(s), 2 hit(s), 0 error(s), 1 left on base; Mexico City 0 - Las Vegas 1
TOP OF THE 5TH
Mexico City Cerveceros batting - Pitching for Las Vegas Stars : RHP Ramón Pérez
Batting: RHB Naomi Kitamura 0-0: Ground out 1-3 (Groundball, 15)
Batting: RHB Henning Huisman 0-0: Ball
1-0: Foul Ball, location: 2F
1-1: Ball
2-1: Ground out 1-3 (Groundball, 15S)
Batting: RHB Reynold Akker 0-0: Ball
1-0: Ball
2-0: Ball
3-0: Called Strike
3-1: Called Strike
3-2: Ground out 6-3 (Groundball, 6)
Top of the 5th over - 0 run(s), 0 hit(s), 0 error(s), 0 left on base; Mexico City 0 - Las Vegas 1
BOTTOM OF THE 5TH
Las Vegas Stars batting - Pitching for Mexico City Cerveceros : RHP José Jiménez
Batting: LHB Evan Slootweg 0-0: Foul Ball, location: 2F
0-1: Foul Ball, location: 2F
0-2: Ball
1-2: Foul Ball, location: 2F
1-2: Ball
2-2: Foul Ball, location: 2F
2-2: Ball
3-2: Foul Ball, location: 2F
3-2: Foul Ball, location: 2F
3-2: Fly out, F9 (Flyball, 9LMF)
Batting: RHB Joe Scott 0-0: Ball
1-0: Foul Ball, location: 2F
1-1: Fly out, F9 (Flyball, 9LM)
Batting: RHB Xin Zhang 0-0: Foul Ball, location: 2F
0-1: Ball
1-1: Foul Ball, location: 2F
1-2: Fly out, F7 (Flyball, 7M)
Bottom of the 5th over - 0 run(s), 0 hit(s), 0 error(s), 0 left on base; Mexico City 0 - Las Vegas 1
TOP OF THE 6TH
Mexico City Cerveceros batting - Pitching for Las Vegas Stars : RHP Ramón Pérez
Pitching: RHP Fred Ellis
Batting: LHB Luka Lagerweij 0-0: Ball
1-0: Foul Ball, location: 2F
1-1: Ball
2-1: Ball
3-1: Called Strike
3-2: Fly out, F8 (Line Drive, 8LD)
Batting: LHB Brandon Cummings 0-0: Ball
1-0: Swinging Strike
1-1: Ball
2-1: Foul Ball, location: 2F
2-2: Strikes out swinging
Batting: RHB Iván Gonzáles 0-0: Foul Ball, location: 2F
0-1: Ball
1-1: Fly out, F8 (Flyball, 8LXD)
Top of the 6th over - 0 run(s), 0 hit(s), 0 error(s), 0 left on base; Mexico City 0 - Las Vegas 1
BOTTOM OF THE 6TH
Las Vegas Stars batting - Pitching for Mexico City Cerveceros : RHP José Jiménez
Pitching: RHP Troy Hawkins
Batting: LHB Eliot Helen 0-0: Ball
1-0: Ball
2-0: Foul Ball, location: 2F
2-1: SINGLE (Flyball, 56D)
Batting: RHB Mike Mills 0-0: Foul Ball, location: 2F
0-1: Fly out, F9 (Flyball, 89M)
Batting: LHB Fernando De La Cruz 0-0: Ball
1-0: Ball
2-0: Called Strike
2-1: Reached on Error, E9 (Line Drive, 9M)
Eliot Helen to second
Batting: RHB Matthieu Vancini 0-0: Ball
1-0: Foul Ball, location: 2F
1-1: Ground out 4-3 (Groundball, 4M)
Eliot Helen to third
Fernando De La Cruz to second
Batting: SHB Sloan James 0-0: Ball
1-0: Ball
2-0: Fly out, F7 (Line Drive, 7M)
Bottom of the 6th over - 0 run(s), 1 hit(s), 1 error(s), 2 left on base; Mexico City 0 - Las Vegas 1
TOP OF THE 7TH
Mexico City Cerveceros batting - Pitching for Las Vegas Stars : RHP Fred Ellis
Batting: RHB Robert Johnson 0-0: Ball
1-0: Ball
2-0: Ball
3-0: Base on Balls
Batting: LHB Kevin Beasley 0-0: Ball
1-0: Foul Ball, location: 2F
1-1: Sac Bunt - play at first, batter OUT! 1-4
Robert Johnson to second
Batting: RHB Arthur Dumais 0-0: Ball
1-0: Ball
2-0: Foul Ball, location: 2F
2-1: Called Strike
2-2: Ground out 4-3 (Groundball, 4)
Robert Johnson to third
Pinch Hitting: RHB Dennis Stephenson 0-0: Ball
1-0: Foul Ball, location: 2F
1-1: Ball
2-1: Swinging Strike
2-2: Ball
3-2: Foul Ball, location: 2F
3-2: Strikes out swinging
Top of the 7th over - 0 run(s), 0 hit(s), 0 error(s), 1 left on base; Mexico City 0 - Las Vegas 1
BOTTOM OF THE 7TH
Las Vegas Stars batting - Pitching for Mexico City Cerveceros : RHP Troy Hawkins
Now at SS: Ricardo Márquez
Batting: RHB José Zúñiga 0-0: Ball
1-0: Ball
2-0: Swinging Strike
2-1: Fly out, F9 (Flyball, 9S)
Batting: LHB Evan Slootweg 0-0: Ball
1-0: Called Strike
1-1: Ground out 6-3 (Groundball, 6)
Batting: RHB Joe Scott 0-0: Called Strike
0-1: Ball
1-1: Ball
2-1: Ball
3-1: Ground out 1-3 (Groundball, 15S)
Bottom of the 7th over - 0 run(s), 0 hit(s), 0 error(s), 0 left on base; Mexico City 0 - Las Vegas 1
TOP OF THE 8TH
Mexico City Cerveceros batting - Pitching for Las Vegas Stars : RHP Fred Ellis
Pitching: RHP Wayne Barksdale
Batting: RHB Henning Huisman 0-0: Called Strike
0-1: Ball
1-1: Ball
2-1: Foul Ball, location: 2F
2-2: Foul Ball, location: 2F
2-2: Strikes out looking
Pitching: LHP Stanley Inman
Batting: RHB Reynold Akker 0-0: Ball
1-0: Called Strike
1-1: Ball
2-1: Ball
3-1: Base on Balls
Pinch Hitting: RHB Pablo Trujillo 0-0: Called Strike
0-1: Fly out, F3 (Popup, 3DF)
Batting: LHB Brandon Cummings 0-0: Ball
1-0: Called Strike
1-1: Ground out 4-3 (Groundball, 4)
Top of the 8th over - 0 run(s), 0 hit(s), 0 error(s), 1 left on base; Mexico City 0 - Las Vegas 1
BOTTOM OF THE 8TH
Las Vegas Stars batting - Pitching for Mexico City Cerveceros : RHP Troy Hawkins
Pitching: RHP Jared Cameron
Now in LF: Pablo Trujillo
Batting: RHB Xin Zhang 0-0: Ball
1-0: Foul Ball, location: 2F
1-1: Called Strike
1-2: Ball
2-2: Foul Ball, location: 2F
2-2: Foul Ball, location: 2F
2-2: Strikes out swinging
Batting: LHB Eliot Helen 0-0: Called Strike
0-1: Foul Ball, location: 2F
0-2: Ball
1-2: Ball
2-2: SINGLE (Flyball, 8RS)
Batting: RHB Mike Mills 0-0: Ball
1-0: Grounds into double play, 4-6-3 (Groundball, 34)
Bottom of the 8th over - 0 run(s), 1 hit(s), 0 error(s), 0 left on base; Mexico City 0 - Las Vegas 1
TOP OF THE 9TH
Mexico City Cerveceros batting - Pitching for Las Vegas Stars : LHP Stanley Inman
Pitching: LHP Ze-min Tong
Batting: RHB Iván Gonzáles 0-0: SINGLE (Line Drive, 9S)
Batting: RHB Robert Johnson 0-0: Bunt missed!
0-1: Sac Bunt - play at first, batter OUT! 3-4
Iván Gonzáles to second
Batting: LHB Kevin Beasley 0-0: Ball
1-0: Ball
2-0: Swinging Strike
2-1: Ball
3-1: Base on Balls
Batting: RHB Arthur Dumais 0-0: SINGLE (Flyball, 8RS)
Iván Gonzáles to third
Kevin Beasley to second
Runner from 3rd tries for Home, SAFE, no throw or cutoff
Batting: LHB Ricardo Márquez 0-0: Ball
1-0: Called Strike
1-1: Swinging Strike
1-2: Ball
2-2: Ball
3-2: SINGLE (Line Drive, 3S)
Kevin Beasley to third
Arthur Dumais to second
Batting: RHB Henning Huisman 0-0: Foul Ball, location: 2F
0-1: Swinging Strike
0-2: SINGLE (Line Drive, 89S)
Kevin Beasley scores
Arthur Dumais to third
Ricardo Márquez to second
Batting: RHB Reynold Akker 0-0: Ball
1-0: Called Strike
1-1: Ball
2-1: Ball
3-1: Called Strike
3-2: Foul Ball, location: 2F
3-2: SINGLE (Line Drive, 8LS)
Arthur Dumais scores
Ricardo Márquez to third
Henning Huisman to second
Runner from 3rd tries for Home, SAFE, throw made at trailing runner, SAFE at third!
Pitching: RHP Mark Newman
Batting: RHB Pablo Trujillo 0-0: Ball
1-0: Ball
2-0: Foul Ball, location: 2F
2-1: SINGLE (Groundball, 5L)
Henning Huisman scores
Reynold Akker to second
Batting: LHB Brandon Cummings 0-0: Foul Ball, location: 2F
0-1: Swinging Strike
0-2: Ball
1-2: Foul Ball, location: 2F
1-2: Fly out, F5 (Popup, 56)
Batting: RHB Iván Gonzáles 0-0: Ground out 4-3 (Groundball, 4)
Top of the 9th over - 5 run(s), 6 hit(s), 0 error(s), 2 left on base; Mexico City 5 - Las Vegas 1
BOTTOM OF THE 9TH
Las Vegas Stars batting - Pitching for Mexico City Cerveceros : RHP Jared Cameron
Batting: LHB Fernando De La Cruz 0-0: Foul Ball, location: 2F
0-1: Foul Ball, location: 2F
0-2: Foul Ball, location: 2F
0-2: Ball
1-2: Ball
2-2: Ball
3-2: Strikes out swinging
Pitching: RHP Glen Brewer
Batting: RHB Matthieu Vancini 0-0: Ball
1-0: Ground out 5-3 (Groundball, 56S)
Batting: SHB Sloan James 0-0: Ball
1-0: Foul Ball, location: 2F
1-1: Ball
2-1: Foul Ball, location: 2F
2-2: Strikes out swinging
Bottom of the 9th over - 0 run(s), 0 hit(s), 0 error(s), 0 left on base; Mexico City 5 - Las Vegas 1
This league is powered by Out of the Park Baseball, the baseball management simulation game for PC, Mac and Linux
Saturday, April 9th, 2016 - OOTP Baseball 16.8 Build 38